 Dungeon Crawl Stone Soup version 0.30-a0-726-gd89dcf765f (webtiles) character file.

Game seed: 13285755750110190515

48024 browni3141 the Geomancer (level 14, -4/107 (108) HPs)
             Began as a Human Earth Elementalist on Jan 29, 2023.
             Was the Champion of Kikubaaqudgha.
             Shot with an arrow by a centaur warrior (27 damage)
             ... on level 13 of the Dungeon on Jan 30, 2023.
             The game lasted 00:52:49 (20761 turns).

browni3141 the Geomancer (HuEE)                    Turns: 20761, Time: 00:52:50

HP:   -4/107 (108)  AC: 14    Str:  9    XL:     14   Next: 84%
MP:   3/20          EV: 15    Int: 20    God:    Kikubaaqudgha [******]
Gold: 1592          SH:  4    Dex: 22    Spells: 4/21 levels left

rFire   . . .      SeeInvis .    a - +4 whip "Pekluy" {venom, Will+}
rCold   . . .      Faith    .    e - +0 buckler
rNeg    + . .      Spirit   .    Y - +1 ring mail of Uwalalio {rN+ Will++ Dex+2 Slay-4}
rPois   .          Reflect  .    E - +1 hat
rElec   +          Harm     .    k - +0 cloak
rCorr   +          Rampage  +    Z - +0 pair of gloves "Ruffocoz" {Rampage Drain rElec rCorr}
Will    ++++.                    B - +0 pair of boots
Stlth   ++                       n - amulet of regeneration
HPRegen 1.17/turn                g - +4 ring of protection
MPRegen 0.17/turn                x - +6 ring of dexterity

@: lightly drained
A: no striking features
a: Renounce Religion, Unearth Wretches, Torment, Brand Weapon With Pain, Receive
Forbidden Knowledge


You were on level 13 of the Dungeon.
You worshipped Kikubaaqudgha.
Kikubaaqudgha was exalted by your worship.
You visited 4 branches of the dungeon, and saw 21 of its levels.
You also visited: Gauntlet.

You collected 1592 gold pieces.

Inventory:

Hand Weapons
 a - the +4 whip "Pekluy" (weapon) {venom, Will+}
   (You found it on level 3 of the Dungeon)

   Will:      It increases your willpower.
 b - the +0 whip "Leviticus" {heavy, rF+ rCorr Int-2 Dex+2}
   (You found it on level 6 of the Dungeon)

   Int:       It affects your intelligence (-2).
   Dex:       It affects your dexterity (+2).
   rF:        It protects you from fire.
   rCorr:     It protects you from acid and corrosion.
Missiles
 i - 7 curare-tipped darts
 J - 4 throwing nets
Armour
 c - a +2 leather armour of cold resistance
 e - a +0 buckler (worn)
 k - a +0 cloak (worn)
 p - the +1 robe "Xumniac" {Dex+6}
   (You found it in a Gauntlet)

   Dex:       It affects your dexterity (+6).
 B - a +0 pair of boots (worn)
 E - a +1 hat (worn)
 H - a +0 pair of gloves
 Y - the +1 ring mail of Uwalalio (worn) {rN+ Will++ Dex+2 Slay-4}
   (You found it in a Gauntlet)

   Dex:       It affects your dexterity (+2).
   Slay:      It affects your accuracy & damage with ranged weapons and melee
   (-4).
   rN:        It protects you from negative energy.
   Will:      It greatly increases your willpower.
 Z - the +0 pair of gloves "Ruffocoz" (worn) {Rampage Drain rElec rCorr}
   (You found it in a Gauntlet)

   rElec:     It insulates you from electricity.
   rCorr:     It protects you from acid and corrosion.
   Drain:     It drains your maximum health when unequipped.
   Rampage:   It bestows one free step when moving towards enemies.
Jewellery
 g - a +4 ring of protection (left hand)
 n - an amulet of regeneration (around neck)
 o - a ring of poison resistance
 w - an amulet of guardian spirit
 x - a +6 ring of dexterity (right hand)
 A - an amulet of reflection
 N - a ring of flight
 V - a ring of positive energy
Wands
 C - a wand of flame (54)
 K - a wand of paralysis (12)
 L - a wand of mindburst (8)
 R - a wand of roots (7)
 S - a wand of polymorph (4)
Scrolls
 d - 7 scrolls of teleportation
 l - 2 scrolls of noise
 m - 3 scrolls of amnesia
 r - 2 scrolls of blinking
 t - 5 scrolls of immolation
 y - 3 scrolls of enchant weapon
 D - 3 scrolls of fear
 F - 5 scrolls of vulnerability
 I - a scroll of torment
 O - 2 scrolls of enchant armour
 W - 4 scrolls of poison
Potions
 f - 5 potions of curing
 h - 4 potions of lignification
 j - 3 potions of flight
 q - 2 potions of ambrosia {unknown}
 s - 3 potions of heal wounds
 u - 6 potions of might {unknown}
 z - 3 potions of brilliance {unknown}
 M - 3 potions of attraction {unknown}
 Q - a potion of resistance {unknown}
 T - a potion of invisibility
 U - a potion of haste {unknown}
 X - a potion of mutation
Miscellaneous
 v - a box of beasts
 G - a phantom mirror (inert)
 P - a condenser vane


   Skills:
 * Level 9.6 Fighting
 * Level 8.2 Maces & Flails
 * Level 9.6 Dodging
 * Level 2.1 Stealth
 * Level 4.0 Spellcasting
 - Level 3.0 Conjurations
 * Level 10.0 Necromancy
 - Level 3.0 Transmutations
 * Level 14.9 Earth Magic
 - Level 6.0 Evocations


You had 4 spell levels left.
You knew the following spells:

 Your Spells              Type           Power      Damage    Failure   Level
a - Sandblast             Erth           100%       2d20      1%          1
b - Passwall              Tmut/Erth      32%        N/A       1%          2
c - Stone Arrow           Conj/Erth      78%        3d11      3%          3
d - Petrify               Tmut/Erth      39%        N/A       13%         4
e - Borgnjor's Vile Clut  Necr/Erth      26%        N/A       9%          5
f - Sublimation of Blood  Necr           44%        N/A       1%          2

Your spell library contained the following spells:

 Spells                   Type           Power      Damage    Failure   Level
 Necrotise                Necr           100%       1d9       1%          1
 Vampiric Draining        Necr           44%        2d9       2%          3
 Kiss of Death            Conj/Necr      100%       2d13      3%          1
 Animate Dead             Necr           44%        N/A       9%          4
 Dispel Undead            Necr           44%        3d17      9%          4
 Wereblood                Tmut           16%        N/A       22%         2
 Shock                    Conj/Air       40%        1d5       26%         1
 Static Discharge         Conj/Air       20%        2-3/arc   38%         2
 Apportation              Tloc           8%         N/A       45%         1
 Ignite Poison            Fire/Tmut/Pois 8%         N/A       69%         3
 Confusing Touch          Hex            4%         N/A       83%         3
 Kindle Blastsparks       Fire/Tloc/Air  8%         2d10      83%         3
 Ozocubu's Armour         Ice            4%         N/A       83%         3
 Swiftness                Air            4%         N/A       83%         3
 Tukima's Dance           Hex            4%         N/A       83%         3
 Airstrike                Air            2%         2d(1-17)  99%         4
 Manifold Assault         Tloc           4%         N/A       99%         4
 Olgreb's Toxic Radiance  Pois           4%         N/A       99%         4
 Passage of Golubria      Tloc           4%         N/A       99%         4
 Agony                    Necr           44%        N/A       22%         5
 Death Channel            Necr           22%        N/A       77%         6
 Blade Hands              Tmut           8%         N/A       99%         5
 Irradiate                Conj/Tmut      8%         3d14      99%         5
 Alistair's Intoxication  Tmut/Pois      6%         N/A       100%        5
 Freezing Cloud           Conj/Ice/Air   4%         6-21      100%        5
 Metabolic Englaciation   Hex/Ice        2%         N/A       100%        5
 Yara's Violent Unravell  Hex/Tmut       5%         3d4       100%        5
 Conjure Ball Lightning   Conj/Air       5%         3x3d6     100%        6
 Dispersal                Tloc           2%         N/A       100%        6
 Eringya's Noxious Bog    Tmut/Pois      5%         N/A       100%        6
 Simulacrum               Ice/Necr       12%        N/A       100%        6
 Dragon Form              Tmut           8%         N/A       100%        7
 Ozocubu's Refrigeration  Ice            2%         4d7       100%        7
 Summon Hydra             Summ           2%         N/A       100%        7
 Disjunction              Tloc           2%         N/A       100%        8
 Ignition                 Fire           2%         3d3       100%        8


Dungeon Overview and Level Annotations

Branches:
Dungeon (13/15)            Temple (1/1) D:7            Lair (5/5) D:10
  Swamp (0/4) Lair:3       Spider (0/4) Lair:3        Slime (0/5) Lair:4
    Orc (2/2) D:11            Elf (0/3) Orc:2        Vaults (0/5) D:13
Gauntlet (visited)

Altars:
Ashenzari
Cheibriados
Dithmenos
Elyvilon
Fedhas
Hepliaklqana
Kikubaaqudgha
Makhleb
Qazlal
Ru
Sif Muna
Trog
Uskayaw
Vehumet
Wu Jian
Xom
Yredelemnul
Zin
The Shining One
Jiyva

Shops:
D:7 (   Orc:1 [

Annotations:
Lair:3 exclusion: downstairs
Lair:5 exclusion: 3 doors
Orc:1 2 transporters, exclusion: 2 downstairs, Gogrithru's ghost, journeyman MeRe


Message History

The centaur warrior is severely wounded.
The centaur warrior unwields a +0 longbow.
The centaur warrior closely misses you.
The centaur warrior kicks you but does no damage.
The centaur warrior closely misses you.
The centaur warrior kicks you but does no damage.
Casting: Sandblast (safe; 1% risk of failure)
Confirm with . or Enter, or press ? or * to list all spells.
Aiming: Borgnjor's Vile Clutch (dangerous; 9% risk of failure)
Press: ? - help, Shift-Dir - straight line, f - tengu warrior, p - centaur warrior
Aim: a tengu warrior, wielding a +3 battleaxe of flaming and wearing a +0 ring mail (moderately wounded, 100% to hit)
Zombie hands grab the tengu warrior.
The zombie hands constrict the tengu warrior!
The centaur warrior misses you. The centaur warrior kicks you.
The tengu warrior hits you with a +3 battleaxe of flaming!
The tengu warrior burns you! The tengu warrior closely misses you.
The tengu warrior claws you. The centaur warrior closely misses you.
The centaur warrior kicks you but does no damage.
Aiming: Sandblast (safe; 1% risk of failure)
Press: ? - help, Q - select action, (/) - cycle Shift-Dir - straight line, f/p - tengu warrior
Aim: a tengu warrior, wielding a +3 battleaxe of flaming and wearing a +0 ring mail (moderately wounded, constricted by zombie hands, 99% to hit)
The blast of sand misses the tengu warrior.
The zombie hands constrict the tengu warrior!!
The centaur warrior hits you.
The centaur warrior kicks you but does no damage.
The tengu warrior hits you with a +3 battleaxe of flaming!
The tengu warrior burns you. The tengu warrior closely misses you.
The tengu warrior claws you but does no damage.
The tengu warrior hits you with a +3 battleaxe of flaming!
The tengu warrior burns you. The tengu warrior barely misses you.
The tengu warrior claws you.
* * * LOW HITPOINT WARNING * * *
The centaur warrior hits you!
* * * LOW HITPOINT WARNING * * *
The centaur warrior completely misses you.
The zombie hands constrict the tengu warrior!
The centaur warrior wields a +0 longbow.
The centaur warrior shoots an arrow.
The arrow hits you!!
You die...
Kikubaaqudgha rasps: "You have failed me!
Welcome... death!"

### #.. # #..
##### #. #).
#...# +. #..
#.#.# +..#..
#.#.#
####..#''####.#.#
.........c.@..#.#
.^.......Q......#
####..#++####..##
+. #.... #.## +
#.D...#.#
#..c..#.####
#.....#...>#
#....p####.#
####### #.#


You could see a tengu warrior (clutched) and a centaur warrior.

Vanquished Creatures
  Gastronok (D:7)
  A minotaur (Gauntlet)
  Harold (D:9)
  2 catoblepae
  4 hydras
  Erica (D:8)
  A two-headed ogre (D:9)
  A death yak (Lair:5)
  2 boulder beetles (D:11)
  Pikel (D:5)
  2 bog bodies (Lair:3)
  5 lindwurms
  An orc sorcerer (Orc:2)
  A cyclops (D:11)
  7 elephants
  2 manticores
  2 black mambas (Lair:5)
  An apocalypse crab (Gauntlet)
  Joseph (D:9)
  8 cane toads
  3 kobold demonologists
  A torpor snail (Gauntlet)
  An unseen horror (D:11)
  2 komodo dragons
  5 rime drakes
  9 trolls
  9 blink frogs
  5 dream sheep (Lair:5)
  13 slime creatures
  3 shadows
  39 yaks
  4 wraiths
  2 wyverns
  Eustachio (D:4)
  A basilisk (Lair:5)
  4 vampire mosquitoes (D:12)
  2 redbacks (Lair:3)
  Menkaure (D:5)
  5 steam dragons
  4 wargs
  2 acid dragons
  11 water moccasins
  A black bear (D:7)
  8 orc warriors
  A sky beast (D:6)
  An ice beast (D:6)
  2 ogres (D:5)
  15 wolves
  A boggart (Gauntlet)
  A centaur (D:6)
  2 lemures (D:5)
  2 phantoms
  4 kobold brigands
  A gnoll sergeant (D:10)
  A necrophage (D:5)
  13 bullfrogs
  5 wights (D:9)
  3 troll zombies (D:11)
  24 killer bees
  3 electric eels
  5 howler monkeys
  3 hounds
  17 orc priests
  2 gnoll boudas
  4 iguanas
  15 orc wizards
  5 ogre zombies (D:11)
  Robin (D:4)
  15 gnolls
  6 adders
  2 white imps (D:7)
  An ufetubus (D:6)
  2 worms
  46 orcs
  11 endoplasms
  4 giant cockroaches
  14 hobgoblins
  19 kobolds
  8 quokkas
  9 ball pythons
  9 bats
  6 frilled lizards
  14 goblins
  3 goblin skeletons (D:11)
  2 goblin zombies (D:11)
  2 hobgoblin zombies (D:11)
  3 orc skeletons (D:11)
  15 orc zombies (D:11)
  4 rats
507 creatures vanquished.

Vanquished Creatures (collateral kills)
  Josephine (Orc:1)
1 creature vanquished.

Vanquished Creatures (others)
  22 fungi
  42 plants
  3 toadstools (D:1)
67 creatures vanquished.

Grand Total: 575 creatures vanquished

Notes
Turn   | Place    | Note
-------+----------+-------------------------------------------
     0 | D:1      | browni3141 the Human Earth Elementalist began the quest for
                  | the Orb.
     0 | D:1      | Reached XP level 1. HP: 13/13 MP: 3/3
   136 | D:1      | Reached skill level 1 in Fighting
   184 | D:1      | Reached XP level 2. HP: 15/21 MP: 0/5
   240 | D:1      | Learned a level 2 spell: Passwall
   628 | D:1      | Reached XP level 3. HP: 27/27 MP: 3/6
  1264 | D:2      | Learned a level 3 spell: Stone Arrow
  1442 | D:2      | Reached skill level 4 in Earth Magic
  1442 | D:2      | Reached XP level 4. HP: 33/33 MP: 5/7
  2150 | D:3      | Found a radiant altar of Vehumet.
  2300 | D:3      | Got Sif Muna's Atlas of Unholy Words and Nephomancy
  2339 | D:3      | Reached XP level 5. HP: 37/38 MP: 3/8
  2495 | D:3      | Reached skill level 5 in Earth Magic
  2810 | D:3      | Found a faded altar of an unknown god.
  2835 | D:3      | Found a snail-covered altar of Cheibriados.
  2886 | D:3      | Reached XP level 6. HP: 44/44 MP: 2/9
  3006 | D:3      | Identified the +4 whip "Pekluy" {venom, Will+}
  3209 | D:4      | Noticed Robin
  3366 | D:4      | Reached skill level 1 in Maces & Flails
  3367 | D:4      | Killed Robin
  3811 | D:4      | Reached XP level 7. HP: 50/50 MP: 7/10
  4085 | D:4      | Noticed Eustachio
  4106 | D:4      | Killed Eustachio
  4119 | D:4      | Learned a level 4 spell: Petrify
  4219 | D:5      | Entered Level 5 of the Dungeon
  4220 | D:5      | Identified the +9 sling "Caolum" {heavy, rC+ Int+6}
  4269 | D:5      | Noticed Menkaure
  4322 | D:5      | Found a broken altar of Ashenzari.
  4530 | D:5      | Noticed Pikel
  4576 | D:5      | Killed Pikel
  4577 | D:5      | Reached skill level 5 in Maces & Flails
  4577 | D:5      | Reached skill level 6 in Earth Magic
  4577 | D:5      | Reached XP level 8. HP: 27/56 MP: 10/12
  4922 | D:5      | Reached skill level 7 in Earth Magic
  5125 | D:5      | Killed Menkaure
  5126 | D:5      | Reached XP level 9. HP: 33/61 MP: 13/13
  5228 | D:6      | Reached skill level 1 in Necromancy
  5270 | D:6      | Reached skill level 8 in Earth Magic
  5559 | D:6      | Found a hide-covered altar of Uskayaw.
  5589 | D:6      | Identified the +0 whip "Leviticus" {heavy, rF+ rCorr Int-2
                  | Dex+2}
  6053 | D:7      | Found a staircase to the Ecumenical Temple.
  6102 | Temple   | Entered the Ecumenical Temple
  6106 | Temple   | Became a worshipper of Kikubaaqudgha
  6117 | D:7      | Reached skill level 9 in Earth Magic
  6383 | D:7      | Found Hom Tal's Weapon Shoppe.
  6895 | D:7      | Reached skill level 5 in Necromancy
  7046 | D:7      | Reached XP level 10. HP: 67/67 MP: 9/14
  7055 | D:7      | Reached * piety under Kikubaaqudgha
  7055 | D:7      | Received a gift from Kikubaaqudgha
  7092 | D:7      | Identified the +9 hand axe of the Bright God {spect, rPois
                  | Dex+3}
  7264 | D:7      | Found a glowing golden altar of the Shining One.
  7463 | D:8      | Noticed Gastronok
  7556 | D:7      | Killed Gastronok
  7557 | D:7      | Reached skill level 10 in Earth Magic
  7563 | D:7      | Learned a level 5 spell: Borgnjor's Vile Clutch
  7870 | D:8      | Noticed Erica
  7884 | D:8      | Killed Erica
  8027 | D:8      | Reached XP level 11. HP: 36/72 MP: 13/16
  8608 | D:9      | Identified the +1 chain mail of the Hall of Blades {Contam
                  | Fly rF++}
  8805 | D:9      | Noticed Joseph
  8810 | D:9      | Killed Joseph
  8810 | D:9      | Reached ** piety under Kikubaaqudgha
  8998 | D:9      | Noticed a two-headed ogre
  9003 | D:9      | Killed a two-headed ogre
  9073 | D:9      | Reached skill level 11 in Earth Magic
  9174 | D:9      | Noticed Harold
  9188 | D:9      | Killed Harold
  9710 | D:10     | Entered Level 10 of the Dungeon
 10039 | D:10     | Found a shimmering altar of Xom.
 10052 | D:10     | Reached *** piety under Kikubaaqudgha
 10052 | D:10     | Received a gift from Kikubaaqudgha
 10204 | D:10     | Found a staircase to the Lair.
 10512 | D:11     | Reached skill level 10 in Necromancy
 10530 | D:11     | Found a staircase to the Orcish Mines.
 10564 | D:11     | Reached XP level 12. HP: 78/78 MP: 5/18
 10628 | D:11     | Reached skill level 12 in Earth Magic
 10647 | D:11     | Reached **** piety under Kikubaaqudgha
 11343 | D:11     | Noticed a boulder beetle
 11363 | D:11     | Killed a boulder beetle
 11678 | Orc:1    | Entered Level 1 of the Orcish Mines
 11682 | Orc:1    | Learned a level 2 spell: Sublimation of Blood
 11811 | Orc:1    | Noticed Josephine
 11955 | Orc:1    | Killed Josephine
 12166 | Orc:1    | Found a transporter.
 12170 | Orc:1    | Noticed Gogrithru's ghost (journeyman MeRe)
 12186 | Orc:1    | Found a transporter.
 12279 | Orc:1    | Found Yntehum's Antique Armour Shop.
 12653 | Orc:2    | Entered Level 2 of the Orcish Mines
 12671 | Orc:2    | Reached skill level 5 in Fighting
 12671 | Orc:2    | Reached skill level 5 in Dodging
 12925 | Orc:2    | Found a staircase to the Elven Halls.
 12940 | Orc:2    | Noticed an orc high priest
 12947 | Orc:1    | Reached ***** piety under Kikubaaqudgha
 12980 | Lair:1   | Entered Level 1 of the Lair of Beasts
 13185 | Lair:1   | Reached skill level 13 in Earth Magic
 13707 | Lair:2   | Reached XP level 13. HP: 92/93 MP: 14/19
 14524 | Lair:2   | Reached skill level 1 in Evocations
 14769 | Lair:3   | Found a hole to the Spider Nest.
 14941 | Lair:3   | Noticed a catoblepas
 15001 | Lair:3   | Killed a catoblepas
 15301 | Lair:3   | Found a staircase to the Swamp.
 16180 | Lair:4   | Found a viscous altar of Jiyva.
 16191 | Lair:4   | Noticed a five-headed hydra
 16371 | Lair:4   | Reached skill level 14 in Earth Magic
 16584 | Lair:4   | Killed a five-headed hydra
 16726 | Lair:4   | Found a staircase to the Slime Pits.
 16765 | Lair:4   | Reached XP level 14. HP: 104/105 MP: 3/20
 16878 | Lair:4   | Reached skill level 5 in Evocations
 17247 | Lair:5   | Entered Level 5 of the Lair of Beasts
 17297 | Lair:5   | Identified the +4 quarterstaff "Zameimmipot" {antimagic,
                  | rC- Str+5 Int+2}
 20077 | D:13     | Found a gate leading to a gauntlet.
 20086 | Gauntlet | Entered a Gauntlet
 20086 | Gauntlet | Found a transporter.
 20086 | Gauntlet | Found a transporter.
 20086 | Gauntlet | Found a runed translucent door.
 20093 | Gauntlet | Found a runed translucent door.
 20104 | Gauntlet | Found a transporter.
 20108 | Gauntlet | Found a transporter.
 20116 | Gauntlet | Found a transporter.
 20120 | Gauntlet | Found a transporter.
 20128 | Gauntlet | Found a transporter.
 20142 | Gauntlet | Found a runed translucent door.
 20145 | Gauntlet | Found a transporter.
 20147 | Gauntlet | Found a runed translucent door.
 20159 | Gauntlet | Found a transporter.
 20163 | Gauntlet | Found a transporter.
 20174 | Gauntlet | Found a transporter.
 20175 | Gauntlet | Found a transporter.
 20245 | Gauntlet | Identified the +1 robe "Xumniac" {Dex+6}
 20316 | Gauntlet | Reached ****** piety under Kikubaaqudgha
 20325 | Gauntlet | Identified the +0 pair of gloves "Ruffocoz" {Rampage Drain
                  | rElec rCorr}
 20355 | Gauntlet | Noticed a minotaur
 20414 | Gauntlet | Killed a minotaur
 20422 | Gauntlet | Identified the +4 war axe "Acor" {spect, +Blink Str-2
                  | Int+2}
 20422 | Gauntlet | Identified the +1 ring mail of Uwalalio {rN+ Will++ Dex+2
                  | Slay-4}
 20749 | D:13     | Found a gate to the Vaults.
 20749 | D:13     | Noticed an ironbound preserver
 20761 | D:13     | Shot with an arrow by a centaur warrior

Illustrated notes

Levels and vault maps discovered:
D:1:      onia_arrival_mini_spirals, layout_loops_cross,
          minmay_gold_behind_fungi, st_stairs_10
D:2:      layout_basic
D:3:      layout_rooms, vehumet_crystals, amcnicky_altar_gilded,
          chequers_ecumenical_altar_lobes, minmay_pentangle
D:4:      layout_basic, uniq_robin, uniq_eustachio
D:5:      layout_loops_ring, ashenzari_altar_1, uniq_menkaure, uniq_pikel
D:6:      kennysheep_steamy, layout_basic, mainiacjoe_overflow_brackets
D:7:      layout_loops_cross, tso_altar, serial_shops, shop,
          serial_bayou_lagoon_a, minmay_between
D:8:      layout_loops_ring, minivault_1, uniq_gastronok, uniq_erica
D:9:      layout_roguey, dreamdust_princess_bridge, uniq_joseph, uniq_harold
D:10:     layout_rooms, xom_teletrap_fun, erik_lair_orcish_takeover,
          skrybe_limestone_x, grunt_decor_clamped
D:11:     layout_roguey, zombieorc2_lemuel
D:12:     layout_cross, minivault_27
D:13:     minmay_bubble_buster, layout_loops_ring,
          skrybe_vaults_entry_preservation, gauntlet_entry_generic, uniq_azrael
Temple:   nicolae_temple_x_marks_the_god
Lair:1:   layout_misc_corridors
Lair:2:   layout_loops_ring, dreamdust_mushroom_princess, grunt_megastairs_2
Lair:3:   layout_hall_layers, skrybe_swamp_entry_bodies, spider_nest_entry_a,
          minmay_lindwurm_lava
Lair:4:   layout_hall_layers, slime_entry_1, lemuel_fruit_fields,
          serial_bayou_shore_a
Lair:5:   evil_forest, layout_regular_city, serial_forest,
          infiniplex_forest_clump_cross, infiniplex_forest_3_way,
          infiniplex_forest_lined_3_way, infiniplex_forest_corner_1,
          infiniplex_forest_clump_large, infiniplex_forest_lined_room_,
          infiniplex_forest_clump_large
Orc:1:    layout_caves, serial_shops, nicolae_shop_advertising_works
          [nicolae_subvault_shop_adworks], gammafunk_ghost_stat_death,
          uniq_josephine
Orc:2:    st_orc_pillars, layout_caves

Skill      XL: |  1  2  3  4  5  6  7  8  9 10 11 12 13 14 |
---------------+-------------------------------------------+-----
Fighting       | 1 2 5 8 9 |  9.6
Earth Magic    | 4 5 6 7 9 10 11 13 14 | 14.9
Maces & Flails | 3 5 8 |  8.2
Spellcasting   | 3 4 |  4.0
Conjurations   | 3 |  3.0
Transmutations | 3 |  3.0
Necromancy     | 5 8 10 | 10.0
Dodging        | 5 8 9 |  9.6
Evocations     | 4 6 |  6.0
Stealth        | |  2.1

Action                     |  1- 3 |  4- 6 |  7- 9 | 10-12 | 13-15 || total
---------------------------+-------+-------+-------+-------+-------++-------
  Melee: Dagger            |    17 |       |       |       |       ||    17
         Short sword       |       |    52 |       |       |       ||    52
         Whip              |       |    58 |   183 |   353 |   220 ||   814
   Cast: Sandblast         |    50 |    82 |    47 |   255 |   241 ||   675
         Passwall          |       |     2 |       |       |       ||     2
         Petrify           |       |       |     2 |     4 |     5 ||    11
         Borgnjor's Vile C |       |       |       |    19 |    61 ||    80
         Stone Arrow       |       |       |       |     3 |     9 ||    12
         Sublimation of Bl |       |       |       |       |     8 ||     8
  Evoke: Wand              |       |       |     6 |       |     5 ||    11
         Phantom mirror    |       |       |       |     2 |     1 ||     3
         Condenser vane    |       |       |       |     1 |     1 ||     2
    Use: Scroll            |       |       |     5 |     7 |     9 ||    21
         Potion            |       |       |     2 |     1 |     4 ||     7
   Stab: Sleeping          |       |     2 |     2 |     4 |       ||     8
         Petrified         |       |       |     8 |     5 |    17 ||    30
         Confused          |       |       |       |     1 |       ||     1
         Paralysed         |       |       |       |       |     5 ||     5
         Petrifying        |       |       |       |       |     2 ||     2
 Armour: Robe              |    11 |    56 |    55 |       |     4 ||   126
         Leather armour    |       |       |    28 |   223 |   145 ||   396
         Ring mail         |       |       |       |       |    15 ||    15
  Dodge: Dodged            |    19 |    89 |   157 |   285 |   330 ||   880
  Block: Buckler           |     4 |    22 |    56 |    77 |    72 ||   231

Table legend: (Time is in decaauts)
 A = Elapsed time spent in this place.
 B = Non-inter-level travel time spent in this place.
 C = Inter-level travel time spent in this place.
 D = Time resting spent in this place.
 E = Time spent auto-exploring this place.
 F = Levels seen in this place.
 G = Mean time per level.
                   A        B        C        D        E       F      G
               +--------+--------+--------+--------+--------+-----+--------+
         Total |  21077 |  19839 |   1238 |   1540 |  13815 |  22 |  958.0 |
       Dungeon |  13628 |  12628 |   1000 |    843 |   8856 |  13 | 1048.3 |
        Temple |      8 |      5 |      3 |      0 |      0 |   1 |    8.0 |
          Lair |   5908 |   5705 |    203 |    559 |   4077 |   5 | 1181.6 |
  Orcish Mines |   1182 |   1151 |     31 |    138 |    765 |   2 |  591.0 |
      Gauntlet |    348 |    348 |      0 |      0 |    116 |   1 |  348.0 |
               +--------+--------+--------+--------+--------+-----+--------+

Top non-repeatable levels by time:
  Lair:3: 1602 daAuts
    D:11: 1571 daAuts
  Lair:5: 1451 daAuts
     D:7: 1384 daAuts
     D:3: 1254 daAuts
     D:1: 1158 daAuts
  Lair:4: 1112 daAuts
     D:8: 1111 daAuts
     D:4: 1103 daAuts
  Lair:2: 1042 daAuts
     D:5: 1012 daAuts
     D:6: 965 daAuts
   Orc:1: 929 daAuts
     D:9: 916 daAuts
     D:2: 906 daAuts
